 Dungeon Crawl Stone Soup version 0.28.0-45-g0d030f2227 (webtiles) character file.

Game seed: 1158479657496060408

198 Descartes the Ruffian (level 5, -4/49 HPs)
             Began as a Troll Warper on Apr 13, 2022.
             Was an Initiate of Gozag.
             Slain by a moth of wrath (15 damage)
             ... on level 4 of the Dungeon on Apr 14, 2022.
             The game lasted 00:06:44 (2531 turns).

Descartes the Ruffian (Troll Warper)                Turns: 2531, Time: 00:06:45

Health: -4/49      AC:  4    Str: 19    XL:     5   Next: 47%
Magic:  6/6        EV: 14    Int: 11    God:    Gozag
Gold:   120        SH:  0    Dex:  9    Spells: 6/6 levels left

rFire   . . .      SeeInvis +   n - +4 spear "Qawnih" {flame, rPois rCorr SInv}
rCold   . . .      Faith    .   (no shield)
rNeg    . . .      Spirit   .   a - +0 robe
rPois   +          Reflect  .   (helmet restricted)
rElec   .          Harm     .   (no cloak)
rCorr   +          Rampage  .   (gloves unavailable)
Will    .....                   (boots unavailable)
Stlth   +.........              t - amulet of regeneration
HPRegen 1.76/turn               d - +4 ring of evasion
MPRegen 0.10/turn               (no ring)

@: gold aura, on berserk cooldown, slowed, very slow
A: large, unfitting armour, claws 3, regeneration 1, shaggy fur 1, tough skin 1
a: Renounce Religion, Potion Petition, Call Merchant, Bribe Branch


You were on level 4 of the Dungeon.
You worshipped Gozag.
Gozag was aware of your devotion.
You visited 2 branches of the dungeon, and saw 5 of its levels.

You collected 161 gold pieces.
You paid 41 gold pieces to Gozag.

Inventory:

Hand Weapons
 n - the +4 spear "Qawnih" (weapon) {flame, rPois rCorr SInv}
   (You found it on level 2 of the Dungeon)

   It burns those it strikes, dealing additional fire damage.
   rPois:     It protects you from poison.
   SInv:      It lets you see invisible.
   rCorr:     It protects you from acid and corrosion.
Missiles
 c - 5 boomerangs of dispersal (quivered)
 h - 180 stones
 k - 3 poisoned darts
 s - 5 datura-tipped darts
Armour
 a - a +0 robe (worn)
Jewellery
 d - a +4 ring of evasion (left claw)
 t - an amulet of regeneration (around neck)
Wands
 q - a wand of digging (5)
Scrolls
 b - a scroll of blinking
 e - a scroll of enchant armour {unknown}
 f - a scroll of immolation {unknown}
 j - 5 scrolls of identify {unknown}
 p - a scroll of acquirement {unknown}
 r - a scroll of enchant weapon {unknown}
Potions
 g - a potion of mutation {unknown}
 l - 3 potions of might {unknown}
 m - a potion of curing {unknown}
 o - a potion of ambrosia {unknown}


   Skills:
 - Level 1.8 Fighting
 + Level 1.3 Polearms
 + Level 2.4 Throwing
 - Level 2.1 Dodging
 + Level 3.1 Unarmed Combat
 - Level 1.4 Spellcasting
 + Level 3.0 Translocations


You had 6 spell levels left.
You didn't know any spells.
Your spell library contained the following spells:

 Spells                   Type           Power      Damage    Failure   Level
 Blink                    Tloc           14%        N/A       14%         2
 Gell's Gravitas          Tloc           7%         N/A       26%         3
 Lesser Beckoning         Tloc           7%         N/A       26%         3
 Teleport Other           Tloc           7%         N/A       26%         3
 Portal Projectile        Hex/Tloc       8%         N/A       45%         3
 Call Canine Familiar     Summ           0%         N/A       67%         3
 Manifold Assault         Tloc           7%         N/A       94%         5
 Leda's Liquefaction      Hex/Erth       0%         N/A       97%         4


Dungeon Overview and Level Annotations

Branches:
Dungeon (4/15)             Temple (1/1) D:4

Altars:
Ashenzari
Cheibriados
Elyvilon
Fedhas
Gozag
Kikubaaqudgha
Okawaru
Sif Muna
Trog
Uskayaw
Vehumet
Xom
Zin
The Shining One


Innate Abilities, Weirdness & Mutations

You are too large for most types of armour.
You have claws for hands.
Your natural rate of healing is unusually fast.
You are covered in fur. (AC +1)
You have tough skin. (AC +1)


Message History

The rat bites you.
The moth of wrath goads the rat on!
The rat goes berserk!
The moth of wrath goads the rat on!
The rat goes berserk!
You barely miss the moth of wrath.
The moth of wrath is moderately wounded.
The rat bites you but does no damage. The rat misses you.
The moth of wrath goads the rat on!
The rat goes berserk!
The rat closely misses you. The rat bites you.
You hit the moth of wrath. You burn the moth of wrath.
The moth of wrath is heavily wounded.
The rat closely misses you. The rat barely misses you. The rat bites you.
The moth of wrath bites you! The rat misses you.
You closely miss the moth of wrath.
The moth of wrath is heavily wounded.
The rat misses you. x2; The rat bites you.
The moth of wrath bites you! The moth of wrath infuriates you!
A red film seems to cover your vision as you go berserk!
You feel yourself moving faster!
You feel mighty! The rat completely misses you. The rat misses you.
The rat barely misses you. The rat completely misses you.
The rat bites you but does no damage.
You feel a strong urge to attack something.
The rat bites you.
You feel your anger nearly subside.
You puncture the rat! You burn the rat.
You kill the rat!
You are no longer berserk.
You are exhausted.
You feel yourself slow down.
The rat is distracted by your dazzling golden aura.
You completely miss the rat. You hit the moth of wrath.
You burn the moth of wrath.
The moth of wrath is severely wounded.
The moth of wrath bites you! x2
* * * LOW HITPOINT WARNING * * *
You hit the moth of wrath. You burn the moth of wrath.
The moth of wrath is severely wounded.
The rat is no longer distracted by gold.
The moth of wrath bites you!
You die...
Your body crumbles into a pile of gold.

#..#.....##.#...
#.........#.#...
###.......#.....
#.......##....
##............
######............
#.................
#.###........##... #@#
##...#........
####y####...##......#
##...rr..##..##...#..#
##.....w...###.##.##>..
#.....w.....#.....#....
#....#.#....#.....##...
#...##.##...#.....###.#
#....#.#....####.## ###
##.........## ###


You could see a moth of wrath, 2 worms and 2 rats.

Vanquished Creatures
  A hound (D:4)
  Jessica (D:3)
  Robin (D:3)
  3 adders (D:2)
  A worm (D:2)
  2 dart slugs
  2 orcs (D:4)
  6 bats
  4 endoplasms
  3 giant cockroaches
  20 goblins
  8 hobgoblins
  7 jackals
  8 kobolds
  4 quokkas
  6 ball pythons
  6 frilled lizards
  7 rats
90 creatures vanquished.

Notes
Turn   | Place    | Note
-------+----------+-------------------------------------------
     0 | D:1      | Descartes the Troll Warper began the quest for the Orb.
     0 | D:1      | Reached XP level 1. HP: 19/19 MP: 1/1
    16 | D:1      | Reached skill level 1 in Throwing
   162 | D:1      | Reached XP level 2. HP: 28/28 MP: 2/2
   482 | D:1      | Found a faded altar of an unknown god.
   677 | D:2      | Reached XP level 3. HP: 35/35 MP: 4/4
   832 | D:2      | Identified the +4 spear "Qawnih" {flame, rPois rCorr SInv}
   985 | D:2      | Reached XP level 4. HP: 42/42 MP: 5/5
  1660 | D:3      | Noticed Robin
  1697 | D:3      | Killed Robin
  1826 | D:3      | Noticed Jessica
  1834 | D:3      | Killed Jessica
  1835 | D:3      | Reached skill level 1 in Polearms
  1835 | D:3      | Reached XP level 5. HP: 49/49 MP: 6/6
  1837 | D:3      | Found a shimmering blue altar of Sif Muna.
  1967 | D:4      | Found a snail-covered altar of Cheibriados.
  2133 | D:4      | Found a staircase to the Ecumenical Temple.
  2139 | Temple   | Entered the Ecumenical Temple
  2228 | Temple   | Became a worshipper of Gozag Ym Sagoz the Greedy
  2363 | D:4      | Found a white marble altar of Elyvilon.
  2365 | D:4      | Found a shimmering blue altar of Sif Muna.
  2365 | D:4      | Found a sparkling altar of Nemelex Xobeh.
  2367 | D:4      | Found an iron altar of Okawaru.
  2367 | D:4      | Found a shimmering altar of Xom.
  2367 | D:4      | Found an opulent altar of Gozag.
  2511 | D:4      | Noticed a moth of wrath
  2514 | D:4      | Found a bloodstained altar of Trog.
  2531 | D:4      | Slain by a moth of wrath

Illustrated notes

Levels and vault maps discovered:
D:1:      eino_arrival_water_cross, layout_basic, basic_ecumenical_altar,
          minmay_tromino_mix6
D:2:      layout_loops_corners, kennysheep_generic_room_2
D:3:      layout_rooms, tgw_sif, uniq_robin, uniq_jessica
D:4:      layout_cave_pools, tgw_trog, kennysheep_slug_shrine,
          doesnt_xom_only_xom, minmay_temple_entry_ruins
Temple:   zaba_magenta_temple

Skill      XL: |  1  2  3  4  5 |
---------------+----------------+-----
Throwing       | 1 2 |  2.4
Dodging        | 2 |  2.1
Polearms       | 1 |  1.3
Unarmed Combat | 3 |  3.1
Translocations | 3 |  3.0
Fighting       | |  1.8
Spellcasting   | |  1.4

Action                   |  1- 3 |  4- 6 || total
-------------------------+-------+-------++-------
Melee: Unarmed           |    99 |       ||    99
       Spear             |     6 |   129 ||   135
Evoke: Wand              |       |     1 ||     1
 Stab: Sleeping          |     1 |       ||     1
Armor: Robe              |    23 |    24 ||    47
Dodge: Dodged            |    57 |    92 ||   149
